 Dungeon Crawl Stone Soup version 0.27-a0-124-g19cb506db8 (webtiles) character file.

Game seed: 1586423257924673657

30 knot the Chopper (level 3, 20/29 HPs)
             Began as a Demonspawn Berserker on Jan 26, 2021.
             Was a Follower of Trog.
             Quit the game on level 2 of the Dungeon.
             The game lasted 00:00:48 (935 turns).

knot the Chopper (Demonspawn Berserker)              Turns: 935, Time: 00:00:49

Health: 20/29      AC:  2    Str: 17    XL:     3   Next: 3%
Magic:  3/3        EV: 12    Int:  9    God:    Trog [*.....]
Gold:   92         SH:  0    Dex: 12    Spells: 2/2 levels left

rFire    . . .     SeeInvis .   a - +0 hand axe
rCold    . . .     Faith    .   (no shield)
rNeg     . . .     Spirit   .   b - +0 animal skin
rPois    .         Reflect  .   (helmet restricted)
rElec    .         Harm     .   (no cloak)
rCorr    .         Rampage  .   (no gloves)
Will     .....                  (no boots)
Stlth    +.........             (no amulet)
HPRegen  0.09/turn              (no ring)
MPRegen  0.08/turn              (no ring)

@: no status effects
A: horns 1, demonic guardian 1
a: Renounce Religion, Berserk


You were on level 2 of the Dungeon.
You worshipped Trog.
Trog was aware of your devotion.
You visited 1 branch of the dungeon, and saw 2 of its levels.

You collected 92 gold pieces.

Inventory:

Hand Weapons
 a - a +0 hand axe (weapon)
Missiles
 e - 5 stones
 h - 6 poisoned darts (quivered)
Armour
 b - a +0 animal skin (worn)
Scrolls
 c - a scroll of teleportation {unknown}
 j - a scroll of remove curse {unknown}
 k - a scroll of amnesia {unknown}
 m - 2 scrolls of immolation {unknown}
Potions
 d - a potion of berserk rage {unknown}
 f - a potion of curing {unknown}
 g - 2 potions of heal wounds {unknown}
 i - 3 potions of degeneration {unknown}
 l - a potion of attraction {unknown}


   Skills:
 - Level 3.0 Fighting
 + Level 3.8 Axes
 - Level 1.7 Armour
 - Level 1.7 Dodging


You had 2 spell levels left.
You didn't know any spells.
Your spell library was empty.

Dungeon Overview and Level Annotations

Branches:
Dungeon (2/15)

Altars:


Innate Abilities, Weirdness & Mutations

You have a pair of small horns on your head.
A weak demonic guardian rushes to your aid.


Message History

The adder bites you. The adder barely misses you.
You hit the adder.
The adder is severely wounded.
The adder barely misses you.
You closely miss the adder.
The adder is severely wounded.
The adder bites you. The adder barely misses you.
You hit the adder but do no damage.
The adder is severely wounded.
The adder bites you.
You slash the adder!
You kill the adder!
Trog accepts your kill.
You have reached level 3!
Your experience leads to an increase in your attributes!
Increase (S)trength, (I)ntelligence, or (D)exterity?
You feel clever.
Your demonic ancestry asserts itself...
You feel the presence of a demonic guardian.
Okay, then.
Are you sure you want to abandon this character and quit the game? (Confirm with "yes".)

# #.## ###
..# #..
#(#.# #@#
###.###
#.....#
#....<#
#.....#
#....†#
#........
#.####.###
#. #.#


There were no monsters in sight!

Vanquished Creatures
  An adder (D:2)
  An ooze (D:1)
  A dart slug (D:1)
  2 bats (D:1)
  2 goblins (D:1)
  2 hobgoblins (D:1)
  A frilled lizard (D:1)
  3 kobolds (D:1)
  3 rats
16 creatures vanquished.

Notes
Turn   | Place    | Note
-------+----------+-------------------------------------------
     0 | D:1      | knot the Demonspawn Berserker began the quest for the Orb.
     0 | D:1      | Reached XP level 1. HP: 18/18 MP: 1/1
   435 | D:1      | Gained mutation: You have a pair of small horns on your
                  | head. [demonic ancestry]
   435 | D:1      | Reached XP level 2. HP: 21/24 MP: 2/2
   935 | D:2      | Gained mutation: A weak demonic guardian rushes to your
                  | aid. [demonic ancestry]
   935 | D:2      | Reached XP level 3. HP: 20/29 MP: 3/3
   935 | D:2      | Quit the game

Illustrated notes

Levels and vault maps discovered:
D:1:      onia_arrival_pentagram, layout_loops_ring
D:2:      kennysheep_the_goblin_king, layout_loops_ring, led_sif_pool,
          uniq_robin

Skill      XL: |  1 |
---------------+----+-----
Axes           | 3 |  3.8
Fighting       | |  3.0
Armour         | |  1.7
Dodging        | |  1.7

Action                   || total
-------------------------++-------
Melee: Hand axe          ||    61
       Headbutt          ||     6
Throw: Dart              ||     1
Armor: Animal skin       ||    14
Dodge: Dodged            ||    45

Table legend: (Time is in decaauts)
 A = Elapsed time spent in this place.
 B = Non-inter-level travel time spent in this place.
 C = Inter-level travel time spent in this place.
 D = Time resting spent in this place.
 E = Time spent auto-exploring this place.
 F = Levels seen in this place.
 G = Mean time per level.
                   A        B        C        D        E       F      G
               +--------+--------+--------+--------+--------+-----+--------+
         Total |    943 |    918 |     25 |     80 |    685 |   2 |  471.5 |
       Dungeon |    943 |    918 |     25 |     80 |    685 |   2 |  471.5 |
               +--------+--------+--------+--------+--------+-----+--------+

Top non-repeatable levels by time:
     D:1: 923 daAuts
     D:2: 19 daAuts
